 Dungeon Crawl Stone Soup version 0.16-a0-3210-ge5ae1c3 (webtiles) character file.

16 Pikaro the Conjurer (level 2, 0/17 HPs)
             Began as an Octopode Conjurer on Dec 19, 2014.
             Slain by a hobgoblin (4 damage)
             ... on level 1 of the Dungeon.
             The game lasted 00:01:08 (477 turns).

Pikaro the Conjurer (Octopode Conjurer)              Turns: 477, Time: 00:01:08

Health: 0/17       AC:  1    Str:  7    XL:     2   Next: 54%
Magic:  1/4        EV: 12    Int: 17    God:
Gold:   18         SH:  0    Dex: 12    Spells: 1 memorised, 4 levels left

rFire  . . .     SeeInvis .     (no weapon)
rCold  . . .     Clarity  .     (no shield)
rNeg   . . .     SustAb   .     (helmet restricted)
rPois  .         Gourm    .     d - amulet of resist corrosion {rCorr, !d}
rElec  .         Spirit   .     (no ring)
rCorr  +         Warding  .     (no ring)
rMut   .         Stasis   .     (no ring)
MR     .....                    (no ring)
Stlth  +++.......               (no ring)
                                (no ring)
                                (no ring)
                                (no ring)

@: not resistant to hostile enchantments, fairly stealthy
A: almost no armour, amphibious, 8 rings, constrict 8, camouflage 1, gelatinous
body 1
a: no special abilities


You were on level 1 of the Dungeon.
You were not hungry.

You visited 1 branch of the dungeon, and saw 1 of its levels.

You collected 18 gold pieces.

Inventory:

Jewellery
 d - an amulet of resist corrosion (around mantle) {rCorr, !d}
   (You found it on level 1 of the Dungeon)
Scrolls
 a - a scroll of amnesia
Potions
 e - a potion of invisibility {unknown}
Books
 c - a book of Conjurations
Comestibles
 b - a bread ration {@e1}
 f - a beef jerky


   Skills:
 - Level 2.0 Dodging
 - Level 2.6 Stealth
 - Level 2.0 Spellcasting
 + Level 4.6 Conjurations


You had 4 spell levels left.
You knew the following spells:

 Your Spells              Type           Power        Failure   Level  Hunger
a - Magic Dart            Conj           ###.         2%          1    #......


Dungeon Overview and Level Annotations

Branches:
Dungeon (1/15)

Altars:


Innate Abilities, Weirdness & Mutations

You cannot wear most types of armour.
You are amphibious.
You can wear up to eight rings at the same time.
You can use your tentacles to constrict many enemies at once.
Your skin changes colour to match your surroundings (Stealth).
Your rubbery body absorbs attacks (AC +1).


Message History

MP restored: 3 A bat comes into view.
The magic dart hits the bat.
You kill the bat!
You now have 2/3 mp.
You start resting.
MP restored: 3 A goblin comes into view.
The goblin shouts!
The magic dart hits the goblin.
You kill the goblin!
You have reached level 2!
Health restored: 17 You now have 2/4 mp.
You start resting.
MP restored: 4
a - a scroll of amnesia A bat and a rat come into view.
The magic dart hits the rat.
You kill the rat!
You now have 3/4 mp.
The magic dart hits the bat.
You now have 2/4 mp.
The magic dart hits the bat.
You kill the bat!
You now have 1/4 mp.
You start resting.
MP restored: 4
d - a thin filigree amulet Put on which piece of jewellery? (? for menu, Esc to quit)
d - an amulet of resist corrosion (around mantle)
An ooze comes into view.
The magic dart hits the ooze.
The ooze quivers.
You now have 3/4 mp.
The magic dart hits the ooze.
You now have 2/4 mp.
The magic dart hits the ooze.
You now have 1/4 mp.
The magic dart hits the ooze.
You now have 0/4 mp.
You don't have enough magic to cast Magic Dart!
You don't have enough magic to cast Magic Dart!
You tentacle-slap the ooze. The ooze closely misses you.
You barely miss the ooze. You squeeze the ooze.
You kill the ooze!
You now have 18 gold pieces (gained 8).
You start resting.
MP restored: 4 A bat and an ooze come into view.
The magic dart hits the ooze.
The ooze quivers.
The magic dart hits the ooze.
You now have 2/4 mp.
The magic dart hits the ooze.
You now have 1/4 mp.
The magic dart hits the ooze.
You now have 0/4 mp.
You don't have enough magic to cast Magic Dart!
You don't have enough magic to cast that spell.
A hobgoblin comes into view.
The bat closely misses you.
You miss the bat. Your grab misses the bat. The bat barely misses you.
You tentacle-slap the ooze.
You kill the ooze!
The bat hits you.
You take 1 damage, and have 16/17 hp.
You tentacle-slap the bat.
You kill the bat!
A hobgoblin is nearby!
The hobgoblin shouts!
A hobgoblin comes into view.
A kobold comes into view. It is wielding a short sword.
You completely miss the hobgoblin. You grab the hobgoblin.
You squeeze the hobgoblin.
You constrict the hobgoblin, but do no damage.
The hobgoblin hits you.
You take 3 damage, and have 13/17 hp.
You tentacle-slap the hobgoblin. You constrict the hobgoblin.
The hobgoblin closely misses you.
You tentacle-slap the hobgoblin but do no damage.
Your squeeze misses the hobgoblin. You constrict the hobgoblin.
The hobgoblin barely misses you.
You tentacle-slap the hobgoblin.
You kill the hobgoblin!
The hobgoblin hits you.
You take 2 damage, and have 11/17 hp.
The hobgoblin hits you.
You see here a hobgoblin corpse.
You take 1 damage, and have 10/17 hp.
You barely miss the hobgoblin. Your grab misses the hobgoblin.
The hobgoblin hits you. The kobold hits you but does no damage.
You take 4 damage, and have 6/17 hp.
MASSIVE DAMAGE!!
The kobold hits you with a short sword.
* * * LOW HITPOINT WARNING * * *
You take 2 damage, and have 4/17 hp.
You barely miss the hobgoblin. Your grab misses the hobgoblin.
The hobgoblin hits you.
You die...

##.#.# #....#.
#..#.# #...###
...## ......
###...####..##
..... .
##.[.......... ..(
..$#...........###
..................
%.................
...###.............
.# ##..g@.$.....#
#.†K........#
#...........
#.........#.
#...........#
.............
##......?....
..#........
.##.......


You could see a hobgoblin and a kobold.

Vanquished Creatures
  2 oozes (D:1)
  A ball python (D:1)
  A giant cockroach (D:1)
  A goblin (D:1)
  A hobgoblin (D:1)
  A kobold (D:1)
  4 bats (D:1)
  2 rats (D:1)
13 creatures vanquished.

Notes
Turn   | Place    | Note
--------------------------------------------------------------
     0 | D:1      | Pikaro, the Octopode Conjurer, began the quest for the Orb.
     0 | D:1      | Reached XP level 1. HP: 11/11 MP: 3/3
   310 | D:1      | Reached XP level 2. HP: 17/17 MP: 2/4
   475 | D:1      | HP: 4/17 [kobold/short sword (2)]
   477 | D:1      | Slain by a hobgoblin

Action                   || total
-------------------------++-------
Melee: Unarmed           ||    17
 Cast: Magic Dart        ||    22
  Use: Scroll            ||     1

Vault maps used:
D:1:      dpeg_arrival_tiny_g

Table legend:
 A = Turns spent in this place as a percentage of turns spent in the entire game.
 B = Non-inter-level travel turns spent in this place as a percentage of non-inter-level travel turns spent in the entire game.
 C = Inter-level travel turns spent in this place as a percentage of turns spent in this place.
 D = Turns resting spent in this place as a percentage of non-inter-level travel turns spent in this place.
 E = Turns spent auto-exploring this place as a percentage of non-inter-level travel turns spent in this place.
 F = Non-inter-level travel turns spent in this place divided by the number of levels of this place that you've seen.
                   A       B       C       D       E      F
               +-------+-------+-------+-------+-------+----------------------
         Total | 100.0 | 100.0 |   0.0 |  14.1 |  11.7 | 128.0
       Dungeon | 100.0 | 100.0 |   0.0 |  14.1 |  11.7 | 128.0
               +-------+-------+-------+-------+-------+----------------------

Table legend:
 A = Kills in this place as a percentage of kills in entire the game.
 B = Kills by you in this place as a percentage of kills by you in the entire game.
 C = Kills by friends in this place as a percentage of kills by friends in the entire game.
 D = Other kills in this place as a percentage of other kills in the entire game.
 E = Experience gained in this place as a percentage of experience gained in the entire game.
 F = Experience gained in this place divided by the number of levels of this place that you have seen.
                   A       B       C       D       E      F
               +-------+-------+-------+-------+-------+----------------------
         Total | 100.0 | 100.0 |  -nan |  -nan | 100.0 |  23.0
       Dungeon | 100.0 | 100.0 |  -nan |  -nan | 100.0 |  23.0
               +-------+-------+-------+-------+-------+----------------------
